 Dungeon Crawl Stone Soup version 0.31-a0-1074-g0b22e4e0f1 (webtiles) character file.

Game seed: 9770310107534259206

53 grandjackal the Trooper (level 3, -5/33 HPs)
             Began as a Ghoul Monk on Nov 29, 2023.
             Slain by a gnoll
             ... wielding a +0 spear
              (7 damage)
             ... on level 2 of the Dungeon.
             The game lasted 00:01:29 (956 turns).

grandjackal the Trooper (Ghoul Monk)                 Turns: 956, Time: 00:01:29

Health: -5/33      AC:  2    Str: 14    XL:     3   Next: 87%
Magic:  11/11      EV: 12    Int: 11    God:
Gold:   102        SH:  0    Dex: 11    Spells: 2/2 levels left

rFire   . .          .
                       - Unarmed
rCold   + . .        c - orb {light}
rNeg    + + +        a - +0 robe
rPois   ∞            (no helmet)
rElec   .            (no cloak)
rCorr   .            (no gloves)
SInv    .            (no boots)
Will    .....        (no amulet)
Stlth   +            f - ring of magical power
HPRegen 0.00/turn    (no ring)
MPRegen 0.12/turn

%: no passive effects
@: inhibited regen, glowing
A: claws 1, cold resistance 1, negative energy resistance 3, inhibited
regeneration, torment resistance 2, devour on kill
a: no special abilities


You were on level 2 of the Dungeon.
You visited 1 branch of the dungeon, and saw 2 of its levels.

You collected 102 gold pieces.

Inventory:

Missiles
 e - 5 atropa-tipped darts
Armour
 a - a +0 robe (worn)
 c - an orb of light (worn)
Jewellery
 f - a ring of magical power (left claw)
Scrolls
 g - a scroll of vulnerability {unknown}
 h - 3 scrolls of teleportation {unknown}
Potions
 b - a potion of ambrosia
 d - 2 potions of curing {unknown}
 i - a potion of enlightenment {unknown}


   Skills:
 + Level 4.0 Fighting
 + Level 3.2 Dodging
 + Level 3.9 Unarmed Combat


You had 2 spell levels left.
You didn't know any spells.
Your spell library contained the following spells:

 Spells                   Type           Power      Damage    Failure   Level
 Summon Guardian Golem    Hex/Summ       0%         N/A       71%         3
 Orb of Destruction       Conj           0%         9d5       100%        7
 Spellforged Servitor     Conj/Summ      0%         N/A       100%        7


Dungeon Overview and Level Annotations

Branches:
Dungeon (2/15)

Altars:


Innate Abilities, Weirdness & Mutations

You are immune to poison.
You have sharp fingernails.
Your flesh is cold resistant. (rC+)
You are immune to negative energy. (rN+++)
You do not regenerate when monsters are visible.
You are immune to unholy pain and torment.
You thrive by killing the living.


Message History

The dart slug is heavily wounded.
You scratch the dart slug but do no damage.
The dart slug is heavily wounded.
The dart slug barely misses you.
You scratch the dart slug.
The dart slug is severely wounded.
The dart slug completely misses you.
You scratch the dart slug.
You kill the dart slug!
You feel better.
Your Fighting skill increases to level 4!
No target in view!
You now have 102 gold pieces (gained 9).
You see here a +0 long sword.
A gnoll comes into view. It is wielding a +0 halberd.
A gnoll comes into view.
It is wielding a +0 club. 2 gnolls come into view.
The gnoll shouts!
The gnoll hits you with a +0 halberd!
The gnoll moves out of view.
The gnoll closely misses you. The gnoll hits you with a +0 halberd!
* * * LOW HITPOINT WARNING * * *
You are too injured to fight recklessly!
You are too injured to fight recklessly!
You are too injured to fight recklessly!
You scratch the gnoll.
The gnoll is heavily wounded.
The gnoll barely misses you.
You claw the gnoll!
You kill the gnoll!
The gnoll closely misses you.
You scratch the gnoll.
The gnoll is moderately wounded.
The gnoll hits you from afar with a +0 spear.
* * * LOW HITPOINT WARNING * * *
The gnoll barely misses you.
You scratch the gnoll.
The gnoll is severely wounded.
The gnoll hits you from afar with a +0 spear!
You die...

# .######## ##~≈≈~#
..#...... #~~≈≈~#
#.#...... #~≈≈~~#
#........ ##~≈≈~#
#........ #~~≈≈~#
#####g.......
#####~≈≈~~####..@gg.......
..88~~≈≈~88..#.#####......
...............# .....
..............## ....
..88~≈≈~~88..## .g.
####~≈≈~###### .. #~~≈≈~#
. #~≈≈~~# #~≈≈~##


You could see 3 gnolls.

Vanquished Creatures
  A gnoll (D:2)
  3 dart slugs
  8 endoplasms (D:1)
  A giant cockroach (D:1)
  A goblin (D:1)
  3 hobgoblins (D:1)
  4 ball pythons (D:1)
  4 bats (D:1)
  2 frilled lizards (D:1)
  6 kobolds (D:1)
  3 rats (D:1)
36 creatures vanquished.

Notes
Turn   | Place    | Note
-------+----------+-------------------------------------------
     0 | D:1      | grandjackal the Ghoul Monk began the quest for the Orb.
     0 | D:1      | Reached XP level 1. HP: 19/19 MP: 0/0
   154 | D:1      | Reached XP level 2. HP: 26/26 MP: 1/1
   395 | D:1      | Reached XP level 3. HP: 30/33 MP: 2/2
   908 | D:2      | Reached skill level 4 in Fighting
   956 | D:2      | Slain by a gnoll

Illustrated notes

Levels and vault maps discovered:
D:1:      nagdon_arrival_zigzag_paths, layout_basic, minmay_vboxes
D:2:      wander_river, layout_basic

Skill      XL: |  1  2  3 |
---------------+----------+-----
Dodging        | 3 |  3.2
Fighting       | 4 |  4.0
Unarmed Combat | |  3.9

Action                     || total
---------------------------++-------
  Melee: Unarmed           ||   109
 Armour: Robe              ||    49
  Dodge: Dodged            ||    49

Table legend: (Time is in decaauts)
 A = Elapsed time spent in this place.
 B = Non-inter-level travel time spent in this place.
 C = Inter-level travel time spent in this place.
 D = Time resting spent in this place.
 E = Time spent auto-exploring this place.
 F = Levels seen in this place.
 G = Mean time per level.
                   A        B        C        D        E       F      G
               +--------+--------+--------+--------+--------+-----+--------+
         Total |    947 |    918 |     29 |     80 |    575 |   2 |  473.5 |
       Dungeon |    947 |    918 |     29 |     80 |    575 |   2 |  473.5 |
               +--------+--------+--------+--------+--------+-----+--------+

Top non-repeatable levels by time:
     D:1: 882 daAuts
     D:2: 65 daAuts
